[Event "Late-Titled-Tuesday-Blitz-March-19-2024"]
[Site "Chess.com"]
[Date "2024.03.19"]
[Round "7"]
[White "IMRosen"]
[Black "Supelyel"]
[Result "1-0"]
[WhiteElo "2624"]
[BlackElo "2386"]
[TimeControl "180+1"]
[EndTime "15:17:22 PDT"]
[Termination "IMRosen won by resignation"]

1. e4 d6 2. d4 Nf6 3. Nc3 e5 4.
Nge2 Be7 5. g3 O-O 6. Bg2 c6 7. O-O Nbd7 8. h3 a6 9. a4 a5 10. b3 h6 11. Bb2 Re8 12. Qd2 Qc7 13. g4 Nh7 14. f4 exf4 15. Nxf4 Bg5 16. Qf2 Ndf8 17.
Nh5 Qe7 18. Ne2 g6 19. Nhg3 Bh4 20. c4 Ng5 21. d5 c5 22. Rae1 Nfh7 23. Nf4 Qf8 24. e5 dxe5 25. Rxe5 Rxe5 26. Bxe5 Bd7 27. Ba1 Qe8 28. Re1 Qd8 29. Qb2 f6 30. Kh2 Be8 31. Re3 Bf7 32. Qe2 Qd7 33. Nd3 Re8 34. Rxe8+ Qxe8 35. Qxe8+ Bxe8 36. Nxc5 b6 37. Ne6 Nxe6 38. dxe6 Nf8 39. Bd5 Kg7 40. Ne4 Be1 41. Bd4 Bb4 42. Bxb6 g5 43. Bd4 Bg6 44. Nxf6 Bd6+ 45.
Kg2 Nh7 46. Nh5+ Kf8 47. Bg7+ Ke8 48. Bxh6 Bxh5 49. gxh5 Ke7 50. Bg7 Bf4 51. Bc3 Kd6 52.
Bxa5 Nf6 53. Bb4+ Kc7 54. h6 Bd6 55. h7 Nxh7 56. a5 Bxb4 57. a6 Be7 58. Kf3 Kb6 59.
Bb7 Nf6 60. Ke3 Bd6 61. Kd4 Bc7 62. c5+ Ka7 63. Bc8 Kb8 64. Bb7 Bg3 65. b4 Kc7 66. b5 Bf2+ 67. Kc4 Ne4 68. Bxe4 Bg3 69. b6+ Kd8 70. a7 1-0

[Event "Late-Titled-Tuesday-Blitz-March-19-2024"]
[Site "Chess.com"]
[Date "2024.03.19"]
[Round "7"]
[White "djano"]
[Black "kassablanca"]
[Result "1-0"]
[WhiteElo "2648"]
[BlackElo "2735"]
[TimeControl "180+1"]
[EndTime "15:17:23 PDT"]
[Termination "djano won by resignation"]

1. e4 e5 2. Nf3 Nf6 3. Nxe5 d6 4.
Nf3 Nxe4 5. Nc3 Nxc3 6. dxc3 Be7 7. Be3 O-O 8. Qd2 Nd7 9. O-O-O Nf6 10. h4 Bg4 11.
Kb1 Re8 12. Bd3 Qd7 13. Rdg1 Bf8 14. Ng5 Bf5 15. f3 Bxd3 16. Qxd3 c5 17. g4 Qc6 18. Bc1 Qd5 19. Nxh7 Qxd3 20. Nxf6+ gxf6 21. cxd3 Re2 22. g5 f5 23. h5 Bg7 24. h6 Bh8 25. g6 fxg6 26.
Rxg6+ Kf7 27. Rxd6 Rae8 28. Rd5 R8e5 29. Rd8 Re8 30. Rxe8 Rxe8 31. Kc2 Re2+ 32. Kb3 b5 33. a4 a6 34. axb5 axb5 35. Bg5 Kg6 36. f4 Rd2 37. Ra1 Rxd3 38. Ra8 Kh7 39. Ra7+ Kg6 40. Ra6+ Kh7 41. Rb6 b4 42. Kc4 Rd2 43. Kxc5 bxc3 44. bxc3 Bxc3 45.
Kc4 Bh8 46. Rb7+ Kg6 47. Rb8 Kh7 48. Rf8 Rd4+ 49. Kc5 Ra4 50. Kd5 Ra5+ 51. Ke6 Bb2 52. Rxf5 Ra6+ 53. Kd5 Bh8 54. Ke4 Rb6 55. Rd5 Ra6 56.
Kf5 Ra7 57. Kg4 Kg6 58. Rd6+ Kh7 59. Rc6 Rb7 60. Kh5 Rd7 61. f5 Rb7 62. Bf4 Kg8 63.
Kg6 Rb8 64. h7+ Kf8 65. Bg5 Ra8 66. f6 Ke8 67. f7+ Kd7 68. Rc4 Ra6+ 69. Kf5 Ra8 70.
Bh6 Ke7 71. f8=Q+ Rxf8+ 72. Bxf8+ Kxf8 73. Kg6 Ke7 74. Rc8 Be5 75. h8=Q Bxh8 76. Rxh8 1-0

[Event "Late-Titled-Tuesday-Blitz-March-19-2024"]
[Site "Chess.com"]
[Date "2024.03.19"]
[Round "7"]
[White "SnekkerAndersen"]
[Black "Misterfox120"]
[Result "1/2-1/2"]
[WhiteElo "2701"]
[BlackElo "2462"]
[TimeControl "180+1"]
[EndTime "15:17:25 PDT"]
[Termination "Game drawn - insufficient material"]

1. a4 d5 2. h4 h5 3. a5 a6 4. c4 c6 5. e4 dxe4 6. Nc3 Nf6 7.
d3 Bf5 8. d4 e6 9. Be3 Nbd7 10.
Qb3 Qc7 11. Be2 e5 12. Nh3 exd4 13. Bxd4 Bc5 14. Rd1 O-O 15. Ng5 Rad8 16. O-O Bxd4 17. Rxd4 Nc5 18. Qd1 Qxa5 19. Rxd8 Rxd8 20. Qc1 Nd3 21. Qe3 Nxb2 22. Ngxe4 Nxe4 23. Nxe4 Bxe4 24. Qxe4 g6 25. Rb1 Qd2 26. Bf3 a5 27. Qe7 Rf8 28. Qxb7 Nxc4 29. Bxc6 Nd6 30. Qa7 Qc3 31. Bf3 Qf6 32.
Qa6 Kg7 33. Rd1 Nf5 34. Qxf6+ Kxf6 35. g3 Kg7 36. Ra1 Rd8 37. Rxa5 Nd6 38. Ra7 Kf6 39.
Bd5 Kg7 40. Kg2 Kf6 41. Kh3 Kg7 42. f3 Kf6 43. g4 hxg4+ 44. fxg4 Re8 45. Kg3 Re7 46.
Ra6 Ke5 47. Bf3 f5 48. Ra5+ Ke6 49. g5 Rc7 50. Ra6 Rc3 51. Kf2 Rc2+ 52. Ke3 Rc3+ 53. Ke2 Rc4 54. h5 gxh5 55. Bxh5 Re4+ 56. Kf3 Rb4 57. Kg3 Rb7 58. Bf3 Rg7 59. Kf4 Rd7 60. Bd1 Ke7 61. Bb3 Rb7 62. Bd5 Rb4+ 63. Ke5 Nf7+ 64.
Kxf5 Nxg5 65. Kxg5 Rb5 66. Re6+ Kd7 67. Re5 Kd6 68.
Kf4 Rxd5 69. Rxd5+ Kxd5 1/2-1/2

[Event "Late-Titled-Tuesday-Blitz-March-19-2024"]
[Site "Chess.com"]
[Date "2024.03.19"]
[Round "7"]
[White "Revan_2002"]
[Black "ArchibaldCerveza29"]
[Result "1-0"]
[WhiteElo "2551"]
[BlackElo "2363"]
[TimeControl "180+1"]
[EndTime "15:17:25 PDT"]
[Termination "Revan_2002 won by resignation"]

1. e4 e5 2. Nf3 Nf6 3. Nxe5 d6 4.
Nf3 Nxe4 5. Nc3 Nxc3 6. dxc3 Be7 7. Be3 Nc6 8. Qd2 Be6 9. h4 h6 10. Bb5 a6 11. Ba4 Qd7 12. Bb3 O-O-O 13. O-O-O Bf6 14. Kb1 Rhe8 15. Rhe1 Kb8 16. Bf4 Na5 17. Bg3 Nxb3 18. axb3 Bg4 19. Qd3 Qf5 20. Qxf5 Bxf5 21. Nd4 Bg4 22. f3 Bd7 23. Bf2 b5 24. b4 Kb7 25. g4 g6 26. Kc1 Bxd4 27. Bxd4 Rxe1 28. Rxe1 Re8 29. Rh1 h5 30. gxh5 gxh5 31. Kd2 Rg8 32. Rh2 Kc6 33. Ke2 Bf5 34. Ke3 Kd5 35. Kf4 Be6 36.
b3 c5 37. Bf6 cxb4 38. cxb4 Rg1 39. Rd2+ Kc6 40. Be7 d5 41. Bc5 Rh1 42. Kg5 Rf1 43. Bf2 d4 44. Kxh5 d3 45. cxd3 Bxb3 46. Kg4 Be6+ 47. Kg3 Rh1 48. Rc2+ Kd6 49. Rc5 f5 50.
Be3 Ke7 51. Rc7+ Kf6 52. Bd4+ Kg6 53. Rg7+ Kh6 54. Re7 Bd5 55. Re5 f4+ 56. Kg2 Bxf3+ 57. Kxf3 Rxh4 58. Rf5 Rh3+ 59. Ke4 f3 60. Rxf3 Rh4+ 61.
Rf4 Rh1 62. Rf6+ Kg5 63. Rxa6 Rh4+ 64. Kd5 Kf5 65. Rf6+ Kg5 66. Rb6 Kg4 67. Rxb5 Rh5+ 68. Be5 Rh3 69. d4 Kf3 70. Rb8 Ke3 71. b5 Kd3 72. b6 1-0

[Event "Late-Titled-Tuesday-Blitz-March-19-2024"]
[Site "Chess.com"]
[Date "2024.03.19"]
[Round "7"]
[White "Rud_Makarian"]
[Black "bascheyaro"]
[Result "1-0"]
[WhiteElo "3001"]
[BlackElo "2792"]
[TimeControl "180+1"]
[EndTime "15:17:27 PDT"]
[Termination "Rud_Makarian won on time"]

1. d4 d5 2. c4 c6 3. Nf3 Nf6 4. Nc3 a6 5. g3 Bf5 6. Bg2 e6 7. Nh4 Bg6 8. Nxg6 hxg6 9. O-O Nbd7 10. b3 Bd6 11. e4 dxe4 12. Nxe4 Nxe4 13. Bxe4 Nf6 14.
Bf3 Qe7 15. Re1 Rd8 16. Qc2 Bb4 17. Rd1 O-O 18. Bb2 Ba3 19. Bc3 Bb4 20. Rd2 Bxc3 21. Qxc3 Rd7 22. Rad1 Rfd8 23. Kg2 Qd6 24. h4 e5 25. d5 e4 26. Be2 cxd5 27. Rd4 Qe5 28. c5 Rc7 29. b4 Re8 30. Qe3 a5 31. a3 axb4 32. axb4 Ra8 33. Qg5 Qe6 34. Qf4 Re7 35. g4 e3 36. fxe3 Qxe3 37. Qxe3 Rxe3 38. Bf3 Ra2+ 39. R1d2 Rxd2+ 40. Rxd2 Rb3 41. g5 Ne4 42. Rxd5 Rb2+ 43. Kh3 Rxb4 44. Re5 Rb3 45. Kg2 Rb2+ 46. Kg1 Ng3 47. Re8+ Kh7 48. Re7 Nf5 49. Rxb7 Rc2 50. c6 Nd4 51. Be4 Rc1+ 52. Kf2 Rxc6 53. Bxc6 Nxc6 54.
Rxf7 Nd4 55. Kg3 Nc6 56. Rc7 Ne5 57. Kf4 Nd3+ 58. Ke4 Nf2+ 59. Ke5 Nd3+ 60. Ke6 Nf4+ 61. Kf7 Nh5 62. Rc8 Nf4 63. Ra8 Nd3 64. Re8 Nf4 65. Rd8 1-0

[Event "Late-Titled-Tuesday-Blitz-March-19-2024"]
[Site "Chess.com"]
[Date "2024.03.19"]
[Round "7"]
[White "I-Mesquita"]
[Black "TheRigos"]
[Result "1/2-1/2"]
[WhiteElo "2707"]
[BlackElo "2574"]
[TimeControl "180+1"]
[EndTime "15:17:27 PDT"]
[Termination "Game drawn - insufficient material"]

1. e4 f5 2. exf5 Nf6 3. d4 d5 4. Bd3 c5 5. dxc5 e5 6. fxe6 Bxc5 7. Nf3 O-O 8. Qe2 Re8 9. O-O Bxe6 10. Ng5 Bg4 11.
Bxh7+ Kh8 12. Qd3 Qd7 13. Nc3 Nc6 14. Qg3 Nxh7 15. Qh4 Bf5 16. Bf4 Ne7 17. Nf7+ Kg8 18. Ne5 Qe6 19. Rfe1 Qf6 20. Qg3 Rad8 21. Rad1 d4 22.
Ne4 Bxe4 23. Rxe4 Nd5 24. Qb3 Qe6 25. Rde1 Nxf4 26. Rxf4 Qxb3 27. axb3 d3 28. Nxd3 Rxe1+ 29. Nxe1 Rd1 30. Re4 Nf6 31. Re2 Ng4 32. Kf1 Nxh2+ 33. Kg1 Ng4 34. Kf1 Rb1 35. g3 Nxf2 36. Rxf2 Bxf2 37.
Kxf2 Rxb2 38. Ke2 Rb1 39. Kd2 Kf7 40. Ke2 Kf6 41. Kf2 Kf5 42. Ke2 Kg4 43. Nd3 Rg1 44.
Nc5 b6 45. Ne6 g5 46. Kf2 Rd1 47. Ke2 Rc1 48. Nd4 Rh1 49. Kf2 Rh2+ 50. Ke3 Rh3 51. Kf2 Rxg3 52. Nc6 Rf3+ 53. Ke2 Rf7 54. Ne5+ Kf5 55.
Nxf7 Kf6 56. Nd6 g4 57. Nc8 Ke5 58. Nxa7 Kd4 59. Nc8 Kc3 60. Nxb6 Kxc2 61. b4 Kc3 62. Nd5+ Kc4 63. Kf2 Kxd5 64. Kg3 Kc4 65. Kxg4 Kxb4 1/2-1/2

[Event "Late-Titled-Tuesday-Blitz-March-19-2024"]
[Site "Chess.com"]
[Date "2024.03.19"]
[Round "7"]
[White "CristianS27"]
[Black "bubeliang"]
[Result "1/2-1/2"]
[WhiteElo "2527"]
[BlackElo "2771"]
[TimeControl "180+1"]
[EndTime "15:17:29 PDT"]
[Termination "Game drawn by repetition"]

1. e4 c6 2. Nf3 d5 3. Nc3 dxe4 4. Nxe4 Nf6 5. Qe2 Nxe4 6. Qxe4 Qd5 7. Qf4 Qf5 8. Qe3 Qe6 9. d4 g6 10. Bd3 Qxe3+ 11. Bxe3 Bg7 12. O-O-O O-O 13. h4 Bg4 14. Be2 Nd7 15. Rde1 Rfe8 16. c3 h5 17. Bf4 Bxf3 18. Bxf3 e5 19. dxe5 Bxe5 20. Bg5 Nc5 21. Kc2 Kg7 22. Rd1 Bf6 23. Be3 Ne6 24. Rd7 Re7 25. Rhd1 Kf8 26. g3 Ke8 27. Rxb7 Rc8 28. Rxa7 Be5 29.
Ra8 Rc7 30. Rxc8+ Rxc8 31. a4 Ke7 32. a5 c5 33. a6 Nd4+ 34. Bxd4 cxd4 35. a7 dxc3 36.
a8=Q Rxa8 37. Bxa8 cxb2 38. Re1 Kf6 39. f4 Bd4 40.
Be4 Bf2 41. Rf1 Bxg3 42. Kxb2 Bxh4 43. Kc2 g5 44. fxg5+ Kxg5 45. Rxf7 Bg3 46. Kd3 h4 47. Ke2 Kg4 48. Bf3+ Kg5 49. Rg7+ Kf6 50. Rg4 Ke5 51. Kf1 Kf5 52. Kg2 Ke5 53. Kh3 Kf5 54. Ra4 Ke5 55.
Be2 Kd5 56. Kg4 Kc5 57. Kf5 Kd5 58. Rc4 Kd6 59. Bf3 Ke7 60. Rc6 Kd7 61. Bg2 Ke7 62.
Ke4 Kd7 63. Kd5 Ke7 64. Ra6 Kf7 65. Bh3 Ke7 66. Ra7+ Kf6 67. Rd7 Bf2 68. Ke4 Bg3 69. Rd6+ Bxd6 70. Kf3 Ke5 71. Kg4 Be7 72. Bg2 Kd4 73.
Bh3 Ke3 74. Bg2 Bd8 75. Bh3 Kd4 76. Bg2 Kc5 77. Bh3 Kb6 78. Kf3 Ka5 79. Kg2 Kb4 80. Kh1 Kc3 81. Bg2 Kd2 82. Bh3 Ke3 83. Kh2 Kf4 84. Bg2 Kg4 85. Bf1 Kf3 86. Kh1 Kf2 87. Bh3 Kg3 88. Bd7 Bc7 89. Bc8 Bd6 90. Bd7 Kf2 91.
Be6 Ke3 92. Bd7 Kd4 93. Bc8 Kc5 94. Bd7 Kb6 95. Bh3 Kc6 96. Bg4 Kd5 97. Bh3 Ke4 98. Bc8 Ke3 99. Bh3 Kf4 100. Bc8 Kg3 101. Bd7 Be5 102. Bc8 Bf6 103. Bd7 Bg7 104. Bc8 Bh8 105. Bd7 h3 106.
Bc8 h2 107. Bd7 Bd4 108. Bc8 Bg1 109. Bb7 Kf4 110. Bg2 Kg5 111. Bh3 Kf6 112. Bg2 Kg7 113. Bf1 Kf8 114. Bg2 Ke7 115. Bf1 Kd8 116. Bg2 Kc7 117. Bf1 Kb8 118. Bg2 Ka7 119. Bf1 Kb6 120. Bg2 Ka5 121. Bf1 Kb4 122. Bg2 Kc3 123. Bf1 Kd2 124. Bg2 Ke1 125. Bh3 Kf2 126. Bc8 Kf1 127. Bb7 Kf2 128. Bg2 Ke1 129. Bb7 Kf2 130. Bg2 Ke1 1/2-1/2

[Event "Late-Titled-Tuesday-Blitz-March-19-2024"]
[Site "Chess.com"]
[Date "2024.03.19"]
[Round "7"]
[White "Boorchess"]
[Black "martinmena"]
[Result "1-0"]
[WhiteElo "2540"]
[BlackElo "2251"]
[TimeControl "180+1"]
[EndTime "15:17:29 PDT"]
[Termination "Boorchess won by checkmate"]

1. d4 d5 2. c4 e6 3. Nf3 Nf6 4.
g3 Be7 5. Bg2 O-O 6. O-O dxc4 7.
Ne5 Nc6 8. Bxc6 bxc6 9. Nxc6 Qe8 10. Nxe7+ Qxe7 11. Na3 c5 12. dxc5 Qxc5 13. Qc2 Bb7 14.
Qxc4 Qxc4 15. Nxc4 Ba6 16. b3 Bxc4 17. bxc4 Rfc8 18. Bb2 Rxc4 19. Bxf6 gxf6 20. Rfc1 Rac8 21. Rxc4 Rxc4 22. f3 Rc2 23. Kf2 a5 24. a4 f5 25.
Ke3 Rb2 26. Kd3 Kg7 27. Rc1 Ra2 28. Rc4 h5 29. Ke3 Kg6 30. h3 f6 31. Kf2 e5 32.
Ke3 Ra3+ 33. Kf2 Kf7 34. h4 Ke6 35. Rc6+ Ke7 36. Rc7+ Kd6 37. Rh7 Rxa4 38. Rxh5 Ra1 39. Rxf5 Ke6 40. Rh5 a4 41. Rh7 a3 42. Ra7 a2 43.
Ke3 f5 44. h5 Kf6 45. h6 Rg1 46. Rxa2 Rxg3 47. Ra6+ Kg5 48. Re6 Rh3 49. Rxe5 Rxh6 50.
Re8 Rb6 51. Rg8+ Kf6 52. Kf4 Rb4+ 53. e4 Rb3 54. Rf8+ Ke6 55. Rxf5 Rb1 56. Ra5 Kf6 57. Ra6+ Kf7 58. Kf5 Rb5+ 59. e5 Rb7 60. f4 Rc7 61. Kg5 Rb7 62. f5 Rc7 63. Ra8 Kg7 64.
f6+ Kf7 65. Kf5 Rb7 66. e6# 1-0

[Event "Late-Titled-Tuesday-Blitz-March-19-2024"]
[Site "Chess.com"]
[Date "2024.03.19"]
[Round "7"]
[White "picturesquecheck"]
[Black "Shahdad2007"]
[Result "0-1"]
[WhiteElo "2416"]
[BlackElo "2602"]
[TimeControl "180+1"]
[EndTime "15:17:30 PDT"]
[Termination "Shahdad2007 won by checkmate"]

1. e4 Nf6 2. e5 Nd5 3. d4 d6 4. Nf3 dxe5 5. Nxe5 e6 6. Be2 Be7 7. O-O O-O 8. c3 c5 9. dxc5 Bxc5 10. Nd2 Nf6 11.
Nb3 Be7 12. Bg5 h6 13. Bh4 Nbd7 14. Nc4 Nd5 15. Bxe7 Qxe7 16. Bf3 N7f6 17. Re1 Rd8 18. Qc2 b6 19. Rad1 Bb7 20. Nd4 Rac8 21. Ne5 Rc7 22.
Nxf7 Kxf7 23. Nxe6 Qxe6 24. Rxe6 Kxe6 25. Re1+ Kf7 26.
Qf5 Ne7 27. Qe6+ Kf8 28. Bxb7 Rxb7 29. h3 Rbd7 30. Re3 Ng6 31. Rf3 Rd6 32. Qb3 Nh4 33.
Rf4 g5 34. Ra4 a5 35. Rd4 Nf5 36. Rxd6 Rxd6 37. g3 Ne4 38. Qc2 Re6 39. b4 Nfd6 40. bxa5 bxa5 41. c4 Re5 42. Qb2 Rc5 43. Qh8+ Kf7 44.
Qh7+ Ke8 45. Qg6+ Kd7 46. Qg7+ Kc6 47. Qxh6 Rxc4 48. Qh8 Rc1+ 49. Kg2 Rc2 50. Qa8+ Kd7 51. Qa7+ Ke6 52. Qxa5 Rxf2+ 53. Kg1 Rf3 54. Qa8 Rxg3+ 55.
Kh2 Re3 56. Qg8+ Ke5 57. Qg7+ Kd5 58. Qg8+ Kd4 59. a4 Nf5 60. Qh8+ Kd3 61. Qd8+ Ke2 62.
Qd7 Nh4 63. Qb5+ Kf2 64. Qb6 Nf3+ 65. Kh1 Ng3# 0-1

[Event "Late-Titled-Tuesday-Blitz-March-19-2024"]
[Site "Chess.com"]
[Date "2024.03.19"]
[Round "7"]
[White "Felix-Rose"]
[Black "Bala-Afiada"]
[Result "1-0"]
[WhiteElo "2256"]
[BlackElo "1870"]
[TimeControl "180+1"]
[EndTime "15:17:36 PDT"]
[Termination "Felix-Rose won by resignation"]

1. e4 c5 2. Nf3 Nc6 3. d4 cxd4 4. Nxd4 Nf6 5. Nc3 d6 6. Bg5 e6 7. Qd2 Be7 8. O-O-O Nxd4 9. Qxd4 O-O 10. h4 Qa5 11. f3 Bd7 12. g4 Bc6 13. Be3 d5 14. e5 Nd7 15. Bd3 Bc5 16. Qf4 Bxe3+ 17. Qxe3 Qc5 18. Qxc5 Nxc5 19. Ne2 Nxd3+ 20. cxd3 Rac8 21. Kd2 Bb5 22. Nd4 Bd7 23. g5 h6 24. f4 Rc7 25. Rc1 Rfc8 26. Rxc7 Rxc7 27. Rg1 hxg5 28. hxg5 a6 29. g6 Rc5 30.
gxf7+ Kxf7 31. a3 b5 32. Re1 Rc8 33. Rc1 Rxc1 34. Kxc1 Kg6 35. Kd2 Kh5 36. Ke3 Kg4 37.
Ne2 a5 38. b4 axb4 39. axb4 g5 40. fxg5 Kxg5 41. Kd4 Kf5 42. Ng3+ Kf4 43. Nh5+ Kf5 44.
Ng3+ Kg4 45. Nf1 Kf5 46. Ne3+ Kf4 47. Nc2 Kf5 48. Na1 Kf4 49. Nb3 Kf5 50. Nc5 Be8 51. Nb7 Kf4 52. Nd6 Bd7 53. Nb7 Kf5 54. Nc5 Be8 55. Na6 Bd7 56. Nc7 Kf4 57. Kc5 Kxe5 58. d4+ Ke4 59. Na8 e5 60. dxe5 Kxe5 61. Nb6 Be8 62.
Nxd5 Ke4 63. Nf6+ Kd3 64. Nxe8 Kc3 65. Nc7 1-0

[Event "Late-Titled-Tuesday-Blitz-March-19-2024"]
[Site "Chess.com"]
[Date "2024.03.19"]
[Round "7"]
[White "woodhy"]
[Black "Romkachess"]
[Result "0-1"]
[WhiteElo "2516"]
[BlackElo "2701"]
[TimeControl "180+1"]
[EndTime "15:17:40 PDT"]
[Termination "Romkachess won by checkmate"]

1. e4 c5 2. Nf3 d6 3. d4 cxd4 4.
Nxd4 Nf6 5. f3 e5 6. Bb5+ Bd7 7.
Bxd7+ Qxd7 8. Nf5 g6 9. Ne3 Bg7 10. Nc3 O-O 11. O-O Nc6 12. Ned5 Ne7 13. Be3 b6 14.
Qd3 Rac8 15. Rf2 Rfd8 16. Rd1 Nexd5 17. Nxd5 Nxd5 18. Qxd5 Qc6 19. b3 Qc3 20. Re2 Bf6 21. a4 Rd7 22. Rd3 Qb2 23. Kf2 Rxc2 24. Rdd2 Rxd2 25. Rxd2 Qc3 26. g3 Qc8 27. Kg2 Be7 28. h4 Rc7 29. h5 Rc3 30. hxg6 hxg6 31. Rd3 Rc2+ 32. Rd2 Rc3 33. Rd3 Rxd3 34. Qxd3 Qc6 35. Bf2 Bf8 36. Qa6 Qd7 37. a5 d5 38. axb6 axb6 39.
exd5 Qxd5 40. Qxb6 e4 41. fxe4 Qxe4+ 42. Kh2 Qe2 43.
Qe3 Qb2 44. Kg2 Bd6 45. Qd4 Qxd4 46. Bxd4 f5 47. Kf3 Kf7 48. Bc3 g5 49. Bd2 Kg6 50. b4 Bc7 51. b5 Kf6 52. Be3 Bb8 53. b6 Kg6 54. Bc5 Kf6 55. Bd4+ Ke6 56. Be3 g4+ 57. Kf2 Kd5 58. Bf4 Bxf4 59. gxf4 Kc6 60. Kg3 Kxb6 61. Kh4 Kc6 62. Kg5 g3 63. Kxf5 g2 64. Ke6 g1=Q 65.
f5 Qe3+ 66. Kf7 Kd7 67. f6 Qe6+ 68. Kg6 Qg4+ 69. Kf7 Kd8 70. Kf8 Qf5 71. f7 Kd7 72. Kg7 Qg5+ 73. Kh8 Qh6+ 74. Kg8 Ke7 75. f8=Q+ Qxf8+ 76. Kh7 Qf3 77. Kh6 Qg2 78. Kh5 Kf6 79. Kh4 Kf5 80.
Kh5 Qg5# 0-1

[Event "Late-Titled-Tuesday-Blitz-March-19-2024"]
[Site "Chess.com"]
[Date "2024.03.19"]
[Round "7"]
[White "Hikaru"]
[Black "Mikhail_Bryakin"]
[Result "1-0"]
[WhiteElo "3251"]
[BlackElo "2714"]
[TimeControl "180+1"]
[EndTime "15:17:47 PDT"]
[Termination "Hikaru won by resignation"]

1. b3 d5 2. Bb2 Nf6 3. Nf3 g6 4. Bxf6 exf6 5. e3 Bg7 6. g3 O-O 7. Bg2 Bg4 8. h3 Bxf3 9. Bxf3 c6 10. O-O f5 11. d4 Nd7 12. Nd2 Nf6 13. c4 Ne4 14. Rc1 Qd6 15. Bg2 a5 16. Nf3 Rfd8 17. Rc2 a4 18. c5 Qc7 19. b4 a3 20. Ne1 Ra4 21. Nd3 Rda8 22. Rc1 h5 23. h4 Bf6 24.
Qe2 Kg7 25. Rc2 Rh8 26. Qf3 Qd7 27. Bh3 Qc7 28. Rb1 Rb8 29. b5 Rc4 30. b6 Qe7 31. Rbc1 Ra4 32. Re2 Rba8 33. Ree1 Rh8 34. Rc2 Rha8 35.
Rb1 Rh8 36. Qf4 Rha8 37. Qc7 Rd8 38. Qxe7 Bxe7 39. Bf1 Nf6 40. Nf4 Nd7 41. Rb3 Rda8 42. Rcc3 Kf8 43. Nd3 Nf6 44. Ne1 Ne4 45. Rc2 Bf6 46.
Be2 Bg7 47. Nd3 Ke7 48. Kf1 Kd7 49. Ke1 Bf6 50. Bf3 Bg7 51. Kd1 Bh8 52. Kc1 Bg7 53. Be2 Bh8 54. Kb1 Bg7 55. Bd1 Bh8 56. Ne1 Bg7 57. Bf3 Bh8 58. Kc1 Bg7 59. Kd1 Bh8 60.
Ke2 Bg7 61. Bxe4 fxe4 62. Rcc3 f5 63. Nc2 Bf6 64. Rxa3 Kc8 65. Rxa4 Rxa4 66. a3 Kd7 67. Rb3 Kc8 68. Rb1 Be7 69. Kd2 Bf6 70. Kc3 Ra6 71. Kb3 Ra5 72. a4 Kd7 73. Kb4 Ra6 74. a5 Be7 75. Ka4 Ra8 76. Nb4 Kc8 77. a6 Kd7 78. a7 Bd8 79. Kb3 Be7 80. Na2 Bd8 81. Nc1 Bf6 82.
Kc2 Be7 83. Nb3 Bf8 84. Na5 Kc8 85. Nxc6 Bg7 86. Ne7+ 1-0

[Event "Late-Titled-Tuesday-Blitz-March-19-2024"]
[Site "Chess.com"]
[Date "2024.03.19"]
[Round "7"]
[White "FairChess_on_YouTube"]
[Black "Polish_fighter3000"]
[Result "1/2-1/2"]
[WhiteElo "3154"]
[BlackElo "3140"]
[TimeControl "180+1"]
[EndTime "15:17:48 PDT"]
[Termination "Game drawn by stalemate"]

1. Nf3 Nf6 2. c4 e6 3. g3 d5 4. d4 Be7 5. Bg2 O-O 6. O-O dxc4 7.
Qa4 a6 8. Qxc4 b5 9. Qc2 Bb7 10.
Bd2 Be4 11. Qc1 c6 12. Rd1 Nbd7 13. Bf4 Rc8 14. Nc3 Bg6 15. Ne5 Nxe5 16. dxe5 Nd5 17.
e4 Nxc3 18. Qxc3 Qc7 19. Rd6 c5 20. Rad1 Bxd6 21. exd6 Qd7 22. e5 h6 23. Be3 c4 24.
Qa5 f6 25. Qxa6 fxe5 26. Bb7 Bd3 27. Bxc8 Rxc8 28. Qb6 Rc6 29. Qxb5 Qxd6 30. b3 Qd5 31. bxc4 Qxb5 32. cxb5 Bxb5 33. Rc1 Ra6 34. Rc2 Bc6 35. Bc5 Be4 36. Rb2 Bd5 37. a3 Ra8 38. Bd6 Rc8 39. Rb8 Rxb8 40. Bxb8 e4 41. Kf1 Bc6 42. Ke2 Kf7 43.
Be5 g6 44. h4 h5 45. Ke3 Ke8 46. Kf4 Kf7 47. Bd4 Ke7 48. Ke5 Kd7 49. Kf6 e3 50. Bxe3 Be4 51. a4 Bf5 52. a5 Kc6 53. a6 Kc7 54. a7 Kb7 55. f3 Ka8 56. Kg5 Bd3 57. Kh6 Bf5 58. Kg7 e5 59. Kf6 Bd3 60. Kxe5 Be2 61. Kf4 Bd1 62. Bd4 Be2 63. Ke3 Bd1 64.
Kf2 Kb7 65. Bc5 Ka8 66. Ke3 Kb7 67. Kf4 Ka8 68. g4 hxg4 69. fxg4 Kb7 70. Kg5 Ka8 71. Bf2 Kb7 72. Bg1 Ka8 73. Bb6 Kb7 74. Bc5 Ka8 75. Kxg6 Bxg4 76. h5 Bxh5+ 77. Kxh5 Kb7 78. Kg6 Ka8 79. Kf7 Kb7 80. Ke6 Ka8 81. Kd7 Kb7 82. Kd8 Ka8 83. Kc8 1/2-1/2

[Event "Late-Titled-Tuesday-Blitz-March-19-2024"]
[Site "Chess.com"]
[Date "2024.03.19"]
[Round "7"]
[White "dretch"]
[Black "mishanick"]
[Result "0-1"]
[WhiteElo "2898"]
[BlackElo "3126"]
[TimeControl "180+1"]
[EndTime "15:17:49 PDT"]
[Termination "mishanick won by resignation"]

1. d4 Nf6 2. c4 e6 3. Nf3 d5 4. Nc3 Nbd7 5. cxd5 exd5 6. Bg5 c6 7. e3 h6 8. Bh4 g5 9. Bg3 Nh5 10. Be5 Nxe5 11. Nxe5 Nf6 12. Bd3 Bd6 13. O-O Bxe5 14. dxe5 Ng4 15. Bc2 Qe7 16. h3 Nxe5 17. e4 d4 18. Qxd4 Bxh3 19. f4 gxf4 20. gxh3 Rg8+ 21. Kh2 Ng4+ 22. Kh1 Qh4 23. Rf3 Rd8 24. Nd5 cxd5 25. Rg1 Rg5 26. exd5 Ne5 27. Ba4+ Kf8 28. Rxg5 Qxg5 29.
Rxf4 Rxd5 30. Qxd5 Qxf4 31. Qxb7 Qxa4 32. Qb8+ Qe8 33.
Qd6+ Kg7 34. Qd4 Qc6+ 35. Kh2 f6 36. Kg3 Qf3+ 37. Kh2 Qe2+ 38. Kg3 a6 39. Qa7+ Kg6 40. b3 Qf3+ 41. Kh2 Qf4+ 42. Kg2 Qe4+ 43. Kg3 Qd3+ 44. Kg2 Qc2+ 45. Kg3 Qxa2 46. Qb7 Qe2 47.
Qb8 Qf3+ 48. Kh2 Qf4+ 49. Kg2 Qe4+ 50. Kh2 Qc2+ 51. Kg3 Qd3+ 52. Kg2 Qd5+ 53. Kg3 h5 54. Qe8+ Kf5 55. Qxh5+ Ke6 56. Qe8+ Kd6 57. Qd8+ Nd7 58. Qc8 Qxb3+ 59. Kg4 Qe6+ 60. Kh5 Qf5+ 61. Kh6 Qg5+ 62. Kh7 Qh4+ 63. Kg7 Qg5+ 64. Kh7 f5 65. Qxa6+ Ke7 66. Qa3+ Ke8 67. Qa8+ Qd8 68. Qf3 Qe7+ 69. Kg6 Qf6+ 70. Kh5 Ne5 71. Qa8+ Kf7 72. Qb7+ Kg8 73. Qc8+ Kg7 74.
Qc7+ Nf7 75. Qg3+ Kh7 76. Qf4 Qg6+ 77. Kh4 Qh6+ 78. Kg3 Qxf4+ 79. Kxf4 Kg6 80. h4 Kf6 81. h5 Nh6 0-1

[Event "Late-Titled-Tuesday-Blitz-March-19-2024"]
[Site "Chess.com"]
[Date "2024.03.19"]
[Round "7"]
[White "KetiTsatsalashvili"]
[Black "ViktoriyaTarasova"]
[Result "1/2-1/2"]
[WhiteElo "2466"]
[BlackElo "2336"]
[TimeControl "180+1"]
[EndTime "15:17:54 PDT"]
[Termination "Game drawn by stalemate"]

1. d4 Nf6 2. Nf3 e6 3. e3 b6 4. Bd3 Bb7 5. O-O d5 6. Ne5 Bd6 7. Nd2 O-O 8. f4 Ne4 9. Nxe4 dxe4 10. Bc4 Qe7 11. f5 Bxe5 12. dxe5 exf5 13. Rxf5 Nd7 14. Qd4 Rad8 15. b3 Nc5 16. Qc3 Rd1+ 17. Rf1 Rxf1+ 18.
Kxf1 Ne6 19. Bb2 Rd8 20. Kg1 c5 21. Rf1 h6 22. Qe1 Bd5 23. Bxd5 Rxd5 24. Qe2 Qd7 25. Bc3 b5 26. Qg4 b4 27. Bb2 Ng5 28. Qxd7 Rxd7 29.
h4 Ne6 30. Rf2 Rd1+ 31. Kh2 Kf8 32. a3 a5 33. axb4 axb4 34. c3 Ke7 35. cxb4 cxb4 36. Rc2 Rd3 37. Rc4 Rxb3 38. Bc1 Rb1 39. Rxb4 Rxb4 40.
Ba3 Kd7 41. Bxb4 Kc6 42. Kg3 Kd5 43. Kf2 Kxe5 44. Bc3+ Kd5 45. g4 g6 46. Bf6 h5 47.
gxh5 gxh5 48. Bh8 Kd6 49. Bc3 f5 50. Bf6 Kd5 51. Bh8 Kc4 52. Bb2 Kd3 53. Bc1 Kc4 54. Ba3 Kd5 55. Bb4 Ke5 56. Bc3+ Kd5 57. Bb4 f4 58. exf4 Nxf4 59. Be7 Ne6 60. Bf6 Kd6 61. Ke3 Kd5 62. Be7 Nc7 63. Bg5 Ne6 64. Bf6 Nc5 65. Bg7 Nd7 66. Bh6 Ne5 67. Bf4 Ng6 68. Bg5 Ke5 69. Bd8 Kf5 70. Kd4 Ne5 71.
Ke3 Nf3 72. Be7 Ne5 73. Bg5 Ng4+ 74. Ke2 Ke5 75. Bd8 Kf5 76. Be7 Ne5 77. Bd8 Ng6 78.
Ke3 Kg4 79. Kxe4 Nxh4 80. Bxh4 Kxh4 81. Kf3 Kh3 82. Kf2 Kh2 83. Kf1 h4 84. Kf2 h3 85.
Kf1 Kh1 86. Kf2 h2 87. Kf1 1/2-1/2

[Event "Late-Titled-Tuesday-Blitz-March-19-2024"]
[Site "Chess.com"]
[Date "2024.03.19"]
[Round "7"]
[White "PolandHussars"]
[Black "GodzillaChessYoutube"]
[Result "0-1"]
[WhiteElo "2572"]
[BlackElo "2706"]
[TimeControl "180+1"]
[EndTime "15:17:58 PDT"]
[Termination "GodzillaChessYoutube won by checkmate"]

1. e4 e5 2. Nc3 Nf6 3. g3 Bc5 4. Bg2 a5 5. d3 h6 6. h3 d6 7.
Nge2 Nc6 8. O-O Be6 9. Kh2 Qe7 10. f4 O-O-O 11. f5 Bd7 12. a3 h5 13. Bh1 Rdg8 14.
b4 Ba7 15. Bd2 Rh7 16. Qc1 Ng4+ 17. Kg2 Rgh8 18. Nd5 Qf8 19. c4 Ne7 20. Ne3 Nxe3+ 21.
Bxe3 Bxe3 22. Qxe3 Nc6 23. b5 Nb8 24. b6 c5 25. Nc3 Bc6 26. Qd2 Nd7 27. Rab1 Kd8 28. Nd5 Bxd5 29. cxd5 Ke7 30. Qxa5 Qa8 31. Qc3 Qa6 32.
Rb3 Ra8 33. Rfb1 Rh6 34. Kh2 g6 35. fxg6 Rxg6 36. Bf3 Rag8 37. Rg1 Nf6 38. d4 exd4 39. Qe1 Rg5 40. Qf2 h4 41. g4 Rh8 42. Rf1 Rg6 43.
Bg2 Rh7 44. g5 Nd7 45. Qf5 Ne5 46. Qc8 Rhg7 47. Qc7+ Nd7 48. Rbf3 Qa4 49. e5 dxe5 50. d6+ Rxd6 51. Qxb7 Qc2 52. R3f2 Qg6 53. Qf3 Qxg5 54. b7 Qg3+ 55. Kh1 Rb6 56. Qxg3 hxg3 57. Re2 Kd6 58. a4 Nb8 59. a5 Rb5 60. Rf6+ Kc7 61. Ra6 Nxa6 62.
Rxe5 f6 63. Rf5 Rxa5 64. Rxf6 Nb8 65. Bf1 Ra1 66. Kg2 Rxf1 67. Rxf1 Kxb7 68. Rf5 Nd7 69. h4 Kc6 70. h5 d3 71. h6 Rh7 72. Kxg3 Rxh6 73.
Rh5 Rd6 74. Rh1 d2 75. Rd1 c4 76. Rxd2 Rxd2 77. Kf3 Rd4 78. Ke3 Kd5 79. Ke2 c3 80. Ke1 c2 81. Kf2 c1=Q 82. Kg2 Qc2+ 83. Kf3 Qc3+ 84.
Ke2 Rd2+ 85. Ke1 Qc1# 0-1